 Dungeon Crawl Stone Soup version 0.22.0 (webtiles) character file.

123 inmateoo the Skirmisher (level 5, -4/39 HPs)
             Began as a Barachi Enchanter on Aug 11, 2018.
             Was an Initiate of Hepliaklqana.
             Slain by a bullfrog (5 damage)
             ... in a sewer.
             The game lasted 00:05:51 (3282 turns).

inmateoo the Skirmisher (Barachi Enchanter)         Turns: 3282, Time: 00:05:52

Health: -4/39      AC:  2    Str: 11    XL:     5   Next: 7%
Magic:  2/8        EV: 12    Int: 15    God:    Hepliaklqana [......]
Gold:   104        SH:  0    Dex: 12    Spells: 2/8 levels left

rFire    . . .     SeeInvis .   a - +1 dagger
rCold    . . .     Gourm    .   (no shield)
rNeg     . . .     Faith    .   b - +0 robe
rPois    .         Spirit   .   (no helmet)
rElec    .         Reflect  .   (no cloak)
rCorr    .         Harm     .   (no gloves)
MR       .....                  (no boots)
Stlth    ++........             (no amulet)
HPRegen  0.13/turn              (no ring)
MPRegen  0.11/turn              (no ring)

@: slow
A: +LOS, swims, reduced essence, slowness 1, strong legs 1
a: Hop, Recall Ancestor, Ancestor Identity, Renounce Religion


You were in a sewer.
You worshipped Hepliaklqana.
Hepliaklqana was noncommittal.
You were hungry.

You visited 1 branch of the dungeon, and saw 3 of its levels.
You also visited: Sewer.

You collected 104 gold pieces.

Inventory:

Hand Weapons
 a - a +1 dagger (weapon)
 e - a +0 short sword
Armour
 b - a +0 robe (worn)
Wands
 h - a wand of random effects (14)
Scrolls
 j - a scroll of remove curse
Potions
 f - a potion of might
 g - 2 potions of invisibility
 i - a potion of agility
 l - a potion of berserk rage {unknown}
Comestibles
 d - a ration


   Skills:
 + Level 5.5 Fighting
 - Level 1.1 Short Blades
 - Level 2.1 Dodging
 - Level 2.6 Stealth
 - Level 2.1 Spellcasting
 - Level 3.2 Hexes


You had 2 spell levels left.
You knew the following spells:

 Your Spells              Type           Power        Failure   Level  Hunger
a - Corona                Hex            ##.....      5%          1    #......
b - Ensorcelled Hibernat  Hex/Ice        #.....       17%         2    ###....
c - Confuse               Hex            ##......     17%         3    ###....

Your spell library contained the following spells:

 Spells                   Type           Power        Failure   Level  Hunger
 Tukima's Dance           Hex            ##......     17%         3    ###....
 Dazzling Spray           Conj/Hex       #.....       32%         3    ###....


Dungeon Overview and Level Annotations

Branches:
Dungeon (3/15)

Altars:
Hepliaklqana
Makhleb
Okawaru


Innate Abilities, Weirdness & Mutations

Shadows flee at your approach. (+LOS)
You can swim through water.
You cover ground slowly.
You can hop short distances.
Your life essence is reduced to manifest your ancestor. (-10% HP)


Message History

The bullfrog closely misses you. The bullfrog barely misses you.
Unknown command.
Unknown command.
Okay, then.
The bullfrog hits you.
The bullfrog hits you but does no damage.
The bullfrog hits you.
Unknown command.
The bullfrog completely misses you. The bullfrog hits you.
The bullfrog hits you!
* * * LOW HITPOINT WARNING * * *
Found a gate leading back out of this place.
Unknown command.
The bullfrog hits you.
* * * LOW HITPOINT WARNING * * *
The bullfrog closely misses you. The bullfrog hits you.
* * * LOW HITPOINT WARNING * * *
Unknown command.
The bullfrog hits you.
You die...

#.≈≈≈≈≈≈≈≈≈≈≈≈≈≈## #≈#
#.≈≈≈≈≈≈≈≈≈≈≈≈≈≈≈# #≈#
#.≈≈≈≈≈≈≈≈≈≈..∩≈≈# #≈#
#.≈≈≈≈≈≈.≈.....≈≈## #≈#
#.≈≈≈≈≈≈.≈.≈.≈≈≈≈≈# #.#
### #.≈≈≈≈≈≈≈≈≈≈≈≈≈≈≈≈#
#.# #.#
#.≈≈≈≈≈≈≈≈.).≈≈≈≈≈# #.#
#∩# #.≈≈≈≈≈≈≈≈=$(.≈≈≈≈#
#.# #.#
#.≈≈≈≈≈≈≈≈≈@.≈≈≈≈≈# #.#
#∩# #.≈≈≈.≈≈≈≈FF≈.≈≈≈≈#
#.# #÷#
#.≈≈≈.≈≈≈≈≈≈≈≈≈≈≈## #.#
#.# #.≈≈≈.≈≈≈≈≈≈≈≈≈≈≈#
#.#
##≈###.≈≈≈.≈≈≈≈≈≈≈≈≈≈≈#
#.#
#†≈.##.≈≈≈.#≈≈≈≈≈≈≈≈≈##
#.#
#≈÷≈##.≈≈≈.#≈≈≈≈≈≈≈≈##
#.#
#.≈≈##.≈≈≈.###≈≈≈≈≈##
#.# #.≈≈##.≈≈≈.#
####### #.#


You could see 2 bullfrogs.

Vanquished Creatures
  2 adders (D:2)
  A worm (D:2)
  A dart slug (D:3)
  3 leopard geckos
  3 orcs (D:3)
  A ball python (Sewer)
  5 bats
  3 giant cockroaches
  5 goblins
  4 hobgoblins
  3 jackals (D:1)
  9 kobolds
  6 frilled lizards
  6 rats
52 creatures vanquished.

Vanquished Creatures (collateral kills)
  3 adders
  A leopard gecko (Sewer)
  An orc (D:3)
  3 giant cockroaches (Sewer)
  A hobgoblin (D:3)
  2 ball pythons (Sewer)
  2 frilled lizards (Sewer)
  A kobold (D:3)
  A rat (D:3)
15 creatures vanquished.

Vanquished Creatures (others)
  An ancestor (Sewer)
1 creature vanquished.

Grand Total: 68 creatures vanquished

Notes
Turn   | Place    | Note
-------+----------+-------------------------------------------
     0 | D:1      | inmateoo the Barachi Enchanter began the quest for the Orb.
     0 | D:1      | Reached XP level 1. HP: 13/13 MP: 3/3
    55 | D:1      | Reached skill level 1 in Fighting
   143 | D:1      | Reached XP level 2. HP: 7/22 MP: 3/5
   145 | D:1      | HP: 1/22 [goblin/club (4)]
   148 | D:1      | Reached skill level 2 in Fighting
   435 | D:1      | Learned a level 2 spell: Ensorcelled Hibernation
  1056 | D:2      | Reached skill level 3 in Fighting
  1056 | D:2      | Reached XP level 3. HP: 19/29 MP: 3/6
  1759 | D:2      | Learned a level 3 spell: Confuse
  1932 | D:2      | Reached skill level 4 in Fighting
  1941 | D:2      | Found an iron altar of Okawaru.
  2372 | D:3      | Found a burning altar of Makhleb.
  2375 | D:3      | Found a hazy altar of Hepliaklqana.
  2399 | D:3      | Reached XP level 4. HP: 33/37 MP: 7/7
  2415 | D:3      | Became a worshipper of Hepliaklqana the Forgotten
  2720 | D:3      | Found a glowing drain.
  2731 | Sewer    | Entered a sewer
  2745 | Sewer    | Reached skill level 5 in Fighting
  3086 | Sewer    | Reached XP level 5. HP: 20/39 MP: 8/8
  3281 | Sewer    | HP: 1/39 [bullfrog (5)]
  3282 | Sewer    | Slain by a bullfrog

Skill      XL: |  1  2  3  4 |
---------------+-------------+-----
Fighting       | 1 3 4 5 |  5.5
Short Blades   | |  1.1
Dodging        | |  2.1
Stealth        | |  2.6
Spellcasting   | |  2.1
Hexes          | |  3.2

Action                   |  1- 3 |  4- 6 || total
-------------------------+-------+-------++-------
Melee: Dagger            |   155 |    89 ||   244
 Cast: Corona            |     3 |       ||     3
       Ensorcelled Hiber |     7 |       ||     7
       Confuse           |     5 |     3 ||     8
 Abil: Hop               |     3 |       ||     3
  Use: Scroll            |     4 |     3 ||     7
 Stab: Sleeping          |    10 |     1 ||    11
  Eat: Chunk             |     4 |     2 ||     6
       Ration            |     1 |       ||     1
Armor: Robe              |    17 |    14 ||    31
Dodge: Dodged            |    99 |    81 ||   180
